 Dungeon Crawl Stone Soup version 0.27.1 (webtiles) character file.

Game seed: 5218960183203655623

16 horus123 the Ducker (level 2, 0/17 HPs)
             Began as a Deep Elf Gladiator on Aug 22, 2021.
             Frozen to death by an endoplasm (2 damage)
             ... on level 1 of the Dungeon.
             The game lasted 00:00:57 (454 turns).

horus123 the Ducker (Deep Elf Gladiator)             Turns: 454, Time: 00:00:58

Health: 0/17       AC:  4    Str: 11    XL:     2   Next: 41%
Magic:  4/4        EV: 10    Int: 12    God:
Gold:   42         SH:  0    Dex: 16    Spells: 1/1 levels left

rFire    . . .     SeeInvis .   a - +0 rapier
rCold    . . .     Faith    .   (no shield)
rNeg     . . .     Spirit   .   b - +0 leather armour
rPois    .         Reflect  .   c - +0 helmet
rElec    .         Harm     .   (no cloak)
rCorr    .         Rampage  .   (no gloves)
Will     .....                  (no boots)
Stlth    ++........             (no amulet)
HPRegen  0.05/turn              (no ring)
MPRegen  0.09/turn              (no ring)

@: constricted
A: no striking features
a: no special abilities


You were on level 1 of the Dungeon.
You visited 1 branch of the dungeon, and saw 1 of its levels.

You collected 42 gold pieces.

Inventory:

Hand Weapons
 a - a +0 rapier (weapon)
Missiles
 d - 3 throwing nets (quivered)
Armour
 b - a +0 leather armour (worn)
 c - a +0 helmet (worn)
Scrolls
 e - a scroll of identify
 f - a scroll of teleportation
 g - a scroll of enchant armour {unknown}


   Skills:
 * Level 1.6 Fighting
 + Level 3.1 Short Blades
 + Level 2.0 Throwing
 * Level 4.1 Dodging
 * Level 1.1 Stealth
 * Level 0.1 Spellcasting


You had one spell level left.
You didn't know any spells.
Your spell library was empty.

Dungeon Overview and Level Annotations

Branches:
Dungeon (1/15)

Altars:


Message History

You kill the hobgoblin!
The endoplasm freezes you.
You are frozen.
The frilled lizard closely misses you. The ball python barely misses you.
The ball python misses you.
You closely miss the ball python. The bat hits you but does no damage.
The endoplasm misses you.
The ball python bites you but does no damage.
The ball python barely misses you. The frilled lizard barely misses you.
You hit the ball python.
You kill the ball python!
The endoplasm hits you. The bat misses you. The frilled lizard bites you.
You are too injured to fight recklessly!
The bat barely misses you. The ball python barely misses you.
The ball python closely misses you.
The ball python bites you but does no damage.
The ball python closely misses you. The bat hits you but does no damage.
The bat closely misses you. The bat barely misses you.
The bat barely misses you. The bat closely misses you.
The frilled lizard closely misses you. The endoplasm closely misses you.
The bat hits you.
* * * LOW HITPOINT WARNING * * *
The frilled lizard bites you.
* * * LOW HITPOINT WARNING * * *
The endoplasm freezes you.
You are frozen.
* * * LOW HITPOINT WARNING * * *
The bat barely misses you. The ball python barely misses you.
The ball python misses you. The bat hits you but does no damage.
As you read the scroll labelled VUOFOG IHAD, it crumbles to dust.
It is a scroll of identify.
f - a scroll of teleportation The bat barely misses you.
The ball python bites you but does no damage.
The ball python grabs you. The ball python constricts you.
The endoplasm freezes you.
You are frozen.
You die...

#......##......#...#...#...#...#.
#......####............#...#.....
#......# #####..................
.....[.# ###########.....<.....##
.......###.......###############
....................... ...
....##...........##########.#.###
###..............S..........#....
######...######@bl............#
#.............#.J.............#
#.....†.......#...............#
#....†........#.........††...(#
#.............####...#.....##...
#.............# #...#...##.# ..
#.............# #...#†.## ..#
#.............# #...#.## ..#
#.............# #...#.# ..#


You could see an endoplasm, a bat, a ball python and a frilled lizard.

Vanquished Creatures
  A dart slug (D:1)
  A bat (D:1)
  2 endoplasms (D:1)
  A giant cockroach (D:1)
  A goblin (D:1)
  2 hobgoblins (D:1)
  A quokka (D:1)
  3 ball pythons (D:1)
12 creatures vanquished.

Notes
Turn   | Place    | Note
-------+----------+-------------------------------------------
     0 | D:1      | horus123 the Deep Elf Gladiator began the quest for the
                  | Orb.
     0 | D:1      | Reached XP level 1. HP: 12/12 MP: 3/3
   245 | D:1      | Reached skill level 4 in Dodging
   245 | D:1      | Reached XP level 2. HP: 16/16 MP: 4/4
   248 | D:1      | Reached skill level 1 in Stealth
   454 | D:1      | Frozen to death by an endoplasm

Illustrated notes

Levels and vault maps discovered:
D:1:      dpeg_arrival_water_fire, layout_basic,
          hellmonk_ecumenical_altar_leap_of_faith, minmay_heptomino_w4

Skill      XL: |  1  2 |
---------------+-------+-----
Dodging        | 4 |  4.1
Stealth        | 1 |  1.1
Fighting       | |  1.6
Short Blades   | |  3.1
Throwing       | |  2.0
Spellcasting   | |  0.1

Action                   || total
-------------------------++-------
Melee: Rapier            ||    32
  Use: Scroll            ||     1
Armor: Leather armour    ||    14
Dodge: Dodged            ||    41
